 Dungeon Crawl Stone Soup version 0.25-a0-478-g33c61bdccf (webtiles) character file.

Game seed: 3035684784811521191, levelgen mode: deterministic

100 kae the Vexing (level 4, -3/30 HPs)
             Began as a Demonspawn Enchanter on Feb 8, 2020.
             Killed from afar by an orc wizard (15 damage)
             ... with a puff of flame
             ... on level 3 of the Dungeon.
             The game lasted 00:02:37 (3661 turns).

kae the Vexing (Demonspawn Enchanter)               Turns: 3661, Time: 00:02:38

Health: -3/30      AC:  3    Str:  8    XL:     4   Next: 46%
Magic:  1/7        EV: 12    Int: 17    God:
Gold:   126        SH:  0    Dex: 14    Spells: 5/8 levels left

rFire    . . .     SeeInvis .   a - +2 dagger
rCold    . . .     Gourm    .   (no shield)
rNeg     . . .     Faith    .   b - +1 robe
rPois    .         Spirit   .   (helmet restricted)
rElec    .         Reflect  .   (no cloak)
rCorr    .         Harm     .   (no gloves)
MR       .....                  (no boots)
Stlth    ++........             (no amulet)
HPRegen  0.10/turn              (no ring)
MPRegen  0.10/turn              (no ring)

@: no status effects
A: horns 1, talons 2
a: no special abilities


You were on level 3 of the Dungeon.
You were not hungry.

You visited 1 branch of the dungeon, and saw 3 of its levels.

You collected 126 gold pieces.

Inventory:

Hand Weapons
 a - a +2 dagger (weapon)
Armour
 b - a +1 robe (worn)
Scrolls
 c - a scroll of enchant weapon
 f - a scroll of magic mapping {unknown}
 g - 3 scrolls of remove curse
 j - a scroll of immolation {unknown}
Potions
 e - 4 potions of heal wounds
 h - a potion of experience {unknown}
 i - a potion of cancellation {unknown}
 k - a potion of curing {unknown}
 m - a potion of agility {unknown}
Comestibles
 d - 2 rations
 l - a chunk of flesh


   Skills:
 * Level 2.3 Short Blades
 + Level 2.2 Dodging
 + Level 3.2 Stealth
 + Level 2.5 Spellcasting
 + Level 3.5 Hexes


You had 5 spell levels left.
You knew the following spells:

 Your Spells              Type           Power        Failure   Level  Hunger
a - Corona                Hex            ##.....      4%          1    #......
b - Ensorcelled Hibernat  Hex/Ice        #.....       14%         2    ##.....

Your spell library contained the following spells:

 Spells                   Type           Power        Failure   Level  Hunger
 Confusing Touch          Hex            ##......     13%         3    ###....
 Tukima's Dance           Hex            ##......     13%         3    ###....
 Dazzling Flash           Conj/Hex       #.....       26%         3    ###....


Dungeon Overview and Level Annotations

Branches:
Dungeon (3/15)

Altars:


Innate Abilities, Weirdness & Mutations

You have a pair of small horns on your head.
You have razor-sharp toenails.


Message History

The orc wizard closely misses you.
You hit the orc wizard. Your headbutt misses the orc wizard.
The orc wizard is severely wounded.
The orc wizard hits you with a +0 dagger.
You hit the orc wizard. Your kick misses the orc wizard.
The orc wizard is severely wounded.
The orc wizard hits you with a +0 dagger.
You hit the orc wizard but do no damage.
You claw the orc wizard.
The orc wizard is almost dead.
You barely miss the orc wizard.
You claw the orc wizard, but do no damage.
The orc wizard is almost dead.
The orc wizard stops glowing.
The orc wizard barely misses you.
You hit the orc wizard.
The orc wizard is almost dead.
The orc wizard points at you and mumbles some strange words.
The puff of flame hits you!
Ouch! That really hurt!
You die...

###### ###.... #....#
###+#..### ## #
#######........#######.
#####.#.....@o..........)..#.
#.....#.###.#........#####.#.
#.....†...#.##.....#######.#.
#.#####.#.#[##.....+.........
#....[.......###.......
###.#.#.#.#.###########
#......[......#
###.###.#.#### #.#.....).#


You could see an orc wizard.

Vanquished Creatures
  3 adders (D:2)
  2 oozes (D:1)
  A worm (D:2)
  A dart slug (D:1)
  2 leopard geckos
  5 orcs (D:3)
  5 bats
  A giant cockroach (D:1)
  4 goblins
  9 hobgoblins
  2 jackals (D:2)
  2 ball pythons
  5 frilled lizards
  6 kobolds
  6 rats
54 creatures vanquished.

Notes
Turn   | Place    | Note
-------+----------+-------------------------------------------
     0 | D:1      | kae the Demonspawn Enchanter began the quest for the Orb.
     0 | D:1      | Reached XP level 1. HP: 13/13 MP: 3/3
    41 | D:1      | Reached skill level 1 in Short Blades
   609 | D:1      | Gained mutation: You have sharp toenails. [demonic
                  | ancestry]
   609 | D:1      | Reached XP level 2. HP: 3/19 MP: 5/5
  1216 | D:1      | Learned a level 2 spell: Ensorcelled Hibernation
  1504 | D:1      | Gained mutation: You have a pair of small horns on your
                  | head. [demonic ancestry]
  1504 | D:1      | Reached XP level 3. HP: 24/24 MP: 6/6
  2565 | D:2      | Gained mutation: You have razor-sharp toenails. [demonic
                  | ancestry]
  2565 | D:2      | Reached XP level 4. HP: 23/30 MP: 0/7
  3661 | D:3      | Killed from afar by an orc wizard

Levels and vault maps discovered:
D:1:      dpeg_arrival_subterranean_lakeside_camping, layout_basic
D:2:      layout_basic
D:3:      layout_basic, overflow_temple_1_default, st_stairs_5

Skill      XL: |  1  2  3 |
---------------+----------+-----
Short Blades   | 1 2 |  2.3
Dodging        | 2 |  2.2
Stealth        | 3 |  3.2
Spellcasting   | |  2.5
Hexes          | |  3.5

Action                   |  1- 3 |  4- 6 || total
-------------------------+-------+-------++-------
Melee: Dagger            |   102 |    58 ||   160
       Kick              |     9 |    10 ||    19
       Headbutt          |     2 |     4 ||     6
 Cast: Corona            |    10 |     6 ||    16
       Ensorcelled Hiber |     6 |    10 ||    16
  Use: Scroll            |     5 |       ||     5
 Stab: Sleeping          |    10 |     5 ||    15
  Eat: Chunk             |     5 |     5 ||    10
Armor: Robe              |     5 |    13 ||    18
Dodge: Dodged            |    56 |    36 ||    92

Table legend:
 A = Non-vault XP
 B = Vault XP
 C = Vault XP percentage of total XP
 D = Non-vault monster count
 E = Vault monster count
 F = Vault count percentage of total count
                 A         B        C        D         E       F
            +---------+---------+-------+---------+---------+-------
      Total |     132 |      11 |   7.7 |      47 |       7 |  13.0
            +---------+---------+-------+---------+---------+-------
        D:1 |      43 |       9 |  17.3 |      19 |       6 |  24.0
        D:2 |      69 |       0 |   0.0 |      20 |       0 |   0.0
        D:3 |      20 |       2 |   9.1 |       8 |       1 |  11.1
            +---------+---------+-------+---------+---------+-------
